 Dungeon Crawl Stone Soup version 0.30.1-4-g462c640d31 (webtiles) character file.

Game seed: 4544984320901388013

84 GeoRichter the Chiller (level 4, -4/33 HPs)
             Began as a Draconian Ice Elementalist on Aug 12, 2023.
             Slain by an orc
             ... wielding a +0 hand axe
              (6 damage)
             ... on level 3 of the Dungeon.
             The game lasted 00:03:14 (2403 turns).

GeoRichter the Chiller (Draconian Ice Elementalist) Turns: 2403, Time: 00:03:15

Health: -4/33      AC: 12    Str: 10    XL:     4   Next: 24%
Magic:  5/7        EV: 12    Int: 23    God:
Gold:   158        SH:  0    Dex: 12    Spells: 0/7 levels left

rFire   . . .        l - +0 dagger
rCold   . . .        (no shield)
rNeg    . . .        (body armour unavailable)
rPois   .            (helmet restricted)
rElec   .            (no cloak)
rCorr   .            (no gloves)
SInv    .            (no boots)
Will    .....        (no amulet)
Stlth   ++           m - +6 ring of intelligence
HPRegen 0.25/turn    (no ring)
MPRegen 0.10/turn

%: no passive effects
@: ice-armoured, freezing walls
A: AC +5, unfitting armour, cold-blooded
a: no special abilities


You were on level 3 of the Dungeon.
You visited 1 branch of the dungeon, and saw 3 of its levels.

You collected 158 gold pieces.

Inventory:

Hand Weapons
 l - a +0 dagger (weapon)
   (You took it off an orc on level 2 of the Dungeon)
Jewellery
 m - a +6 ring of intelligence (left hand)
   (You found it on level 3 of the Dungeon)
Scrolls
 b - 2 scrolls of immolation {unknown}
 c - a scroll of enchant armour {unknown}
 d - 2 scrolls of teleportation {unknown}
 i - 6 scrolls of identify {unknown}
 k - a scroll of noise {unknown}
 n - a scroll of fear {unknown}
 o - a scroll of fog {unknown}
Potions
 e - a potion of degeneration {unknown}
 f - 2 potions of flight {unknown}
 g - a potion of mutation {unknown}
 h - 2 potions of attraction {unknown}
 j - a potion of brilliance {unknown}


   Skills:
 - Level 1.7 Dodging
 - Level 1.7 Stealth
 - Level 2.0 Spellcasting
 * Level 5.8 Ice Magic


You couldn't memorise any spells.
You knew the following spells:

 Your Spells              Type           Power      Damage    Failure   Level
a - Freeze                Ice            100%       1d10      1%          1
b - Frozen Ramparts       Ice            58%        1d9       3%          3
c - Ozocubu's Armour      Ice            29%        N/A       3%          3

Your spell library contained the following spells:

 Spells                   Type           Power      Damage    Failure   Level
 Summon Ice Beast         Ice/Summ       15%        N/A       36%         4


Dungeon Overview and Level Annotations

Branches:
Dungeon (3/15) Zot: 15582

Altars:

Annotations:
D:2 Terence


Innate Abilities, Weirdness & Mutations

Your plain brown scales are hard. (AC +5)
You cannot fit into any form of body armour.
You are cold-blooded and may be slowed by cold attacks.


Message History

* * * LOW HITPOINT WARNING * * *
The orc closely misses you.
Casting: Ozocubu's Armour (dangerous; 3% risk of failure)
Confirm with . or Enter, or press ? or * to list all spells.
Casting: Frozen Ramparts (dangerous; 3% risk of failure)
Press: ? - help, Dir - look around, f - activate The walls around you are covered in ice.
The wall freezes the white imp but does no damage.
The white imp barely misses you.
An orc comes into view. It is wielding a +0 club.
The orc closely misses you.
You closely miss the orc.
Your tail-slap misses the orc.
The orc hits you with a +0 hand axe.
* * * LOW HITPOINT WARNING * * *
The white imp completely resists.
The wall freezes the white imp but does no damage.
The white imp closely misses you.
You barely miss the white imp.
You tail-slap the white imp, but do no damage.
The white imp is moderately wounded.
The orc barely misses you.
The white imp completely resists.
The wall freezes the white imp but does no damage.
The white imp hits you but does no damage.
You barely miss the white imp.
The white imp is moderately wounded.
The white imp completely resists.
The wall freezes the white imp but does no damage.
The white imp misses you. The orc hits you with a +0 hand axe.
* * * LOW HITPOINT WARNING * * *
You hit the white imp but do no damage. You tail-slap the white imp.
The white imp is almost dead.
The white imp completely resists.
The wall freezes the white imp but does no damage.
The white imp completely misses you.
The wall freezes the orc.
The orc hits you but does no damage.
You hit the white imp but do no damage.
The white imp is almost dead.
The white imp completely resists.
The wall freezes the white imp but does no damage.
The white imp gestures at you. The puff of frost hits you!
* * * LOW HITPOINT WARNING * * *
The wall freezes the orc.
You kill the orc!
The orc hits you but does no damage.
You hit the white imp.
You kill the white imp!
The orc closely misses you.
You closely miss the orc. The orc hits you with a +0 hand axe.
You die...

#.........###.†...)..+
#.........# #.....#..#
#.........# #.....####
##.........###....##.#
............>........#
.<.........###.....#....
.<.........#####.#...#..
...........#.....##### .
..##########....@+ ..#
#...o.# ..# #....)# ###
#.....# #...... #......
#..$... #.....##


You could see an orc.

Vanquished Creatures
  Natasha (D:2)
  An adder (D:2)
  A white imp (D:3)
  A dart slug (D:2)
  5 orcs
  6 ball pythons
  3 endoplasms
  2 giant cockroaches (D:2)
  A goblin (D:3)
  6 hobgoblins
  2 quokkas
  6 bats
  A frilled lizard (D:1)
  A kobold (D:1)
  2 rats
39 creatures vanquished.

Notes
Turn   | Place    | Note
-------+----------+-------------------------------------------
     0 | D:1      | GeoRichter the Draconian Ice Elementalist began the quest
                  | for the Orb.
     0 | D:1      | Reached XP level 1. HP: 14/14 MP: 3/3
   631 | D:1      | Reached XP level 2. HP: 15/20 MP: 1/5
   925 | D:2      | Noticed Terence
  1477 | D:2      | Reached skill level 5 in Ice Magic
  1614 | D:2      | Reached XP level 3. HP: 26/26 MP: 2/6
  2155 | D:3      | Noticed Natasha
  2254 | D:2      | Killed Natasha
  2255 | D:2      | Reached XP level 4. HP: 22/33 MP: 3/7
  2311 | D:3      | Learned a level 3 spell: Frozen Ramparts
  2315 | D:3      | Learned a level 3 spell: Ozocubu's Armour
  2403 | D:3      | Slain by an orc

Illustrated notes

Levels and vault maps discovered:
D:1:      heliophobic_arrival_dark_side_of_the_moon, layout_loops_ring
D:2:      layout_basic, dk_noncrumbling_2, uniq_terence
D:3:      minmay_roachtagon, layout_basic, trog_hazing_becter,
          minmay_goblin_kobold_house, uniq_jessica, uniq_natasha

Skill      XL: |  1  2 |
---------------+-------+-----
Ice Magic      | 5 |  5.8
Dodging        | |  1.7
Stealth        | |  1.7
Spellcasting   | |  2.0

Action                     |  1- 3 |  4- 6 || total
---------------------------+-------+-------++-------
  Melee: Hand axe          |     2 |       ||     2
         Dagger            |     1 |     9 ||    10
         Tailslap          |       |     2 ||     2
   Cast: Freeze            |    62 |     7 ||    69
         Ozocubu's Armour  |       |     1 ||     1
         Frozen Ramparts   |       |     1 ||     1
    Use: Potion            |       |     1 ||     1
 Armour: Skin              |    20 |     4 ||    24
  Dodge: Dodged            |    20 |    14 ||    34
